 Dungeon Crawl Stone Soup version 0.29-a0-22-gbf593b16ee (webtiles) character file.

Game seed: 11641487306864006616

221 sanka the Conjurer (level 5, -1/38 HPs)
             Began as a Gnoll Conjurer on Jan 29, 2022.
             Slain by Edmund (16 damage)
             ... on level 4 of the Dungeon.
             The game lasted 00:03:52 (3590 turns).

sanka the Conjurer (Gnoll Conjurer)                 Turns: 3590, Time: 00:03:52

Health: -1/38      AC:  7    Str:  6    XL:     5   Next: 98%
Magic:  5/12       EV: 12    Int: 20    God:
Gold:   167        SH:  0    Dex: 10    Spells: 9/14 levels left

rFire   . . .      SeeInvis .   d - +2 dagger (venom)
rCold   . . .      Faith    .   (no shield)
rNeg    . . .      Spirit   .   m - +1 leather armour {rPois}
rPois   +          Reflect  .   (no helmet)
rElec   .          Harm     .   o - +2 cloak
rCorr   .          Rampage  .   (no gloves)
Will    .....                   (no boots)
Stlth   ++........              (no amulet)
HPRegen 0.12/turn               (no ring)
MPRegen 0.13/turn               (no ring)

@: no status effects
A: fangs 1, strong nose, distributed training
a: no special abilities


You were on level 4 of the Dungeon.
You visited 1 branch of the dungeon, and saw 4 of its levels.

You collected 167 gold pieces.


Innate Abilities, Weirdness & Mutations

You have very sharp teeth.
Your uncanny sense of smell can sniff out nearby items.
Your experience applies equally to all skills.


   Skills:
 + Level 1.7 Fighting
 + Level 1.7 Short Blades
 + Level 1.7 Long Blades
 + Level 1.7 Axes
 + Level 1.7 Maces & Flails
 + Level 1.7 Polearms
 + Level 1.7 Staves
 + Level 1.7 Slings
 + Level 1.7 Bows
 + Level 1.7 Crossbows
 + Level 1.7 Throwing
 + Level 1.7 Armour
 + Level 4.9 Dodging
 + Level 4.5 Stealth
 + Level 1.7 Shields
 + Level 1.7 Unarmed Combat
 + Level 5.2 Spellcasting
 + Level 7.2 Conjurations
 + Level 1.3 Hexes
 + Level 1.3 Summonings
 + Level 1.3 Necromancy
 + Level 1.3 Translocations
 + Level 1.3 Transmutations
 + Level 1.3 Fire Magic
 + Level 1.3 Ice Magic
 + Level 1.3 Air Magic
 + Level 1.3 Earth Magic
 + Level 1.3 Poison Magic
 + Level 1.9 Invocations
 + Level 1.7 Evocations


You had 9 spell levels left.
You knew the following spells:

 Your Spells              Type           Power      Damage    Failure   Level
x - Searing Ray           Conj           68%        2d6       1%          2
y - Poisonous Vapours     Pois/Air       20%        N/A       14%         2
z - Magic Dart            Conj           100%       1d8       1%          1

Your spell library contained the following spells:

 Spells                   Type           Power      Damage    Failure   Level
 Dazzling Flash           Conj/Hex       44%        N/A       9%          3
 Corpse Rot               Necr/Air       20%        N/A       14%         2
 Fulminant Prism          Conj/Hex       11%        3d9       28%         4
 Iskenderun's Mystic Bla  Conj/Tloc      22%        2d6       28%         4

Inventory:

Hand Weapons
 d - a +2 dagger of venom (weapon)
 p - a +3 quarterstaff of chaos
 q - a +1 vorpal war axe
Armour
 a - a +0 robe
 m - a +1 leather armour of poison resistance (worn)
 o - a +2 cloak (worn)
Wands
 l - a wand of flame (17)
Scrolls
 b - a scroll of identify {unknown}
 f - a scroll of summoning {unknown}
 g - 4 scrolls of teleportation {unknown}
 h - 2 scrolls of immolation {unknown}
 i - a scroll of magic mapping {unknown}
 j - 2 scrolls of fear {unknown}
 n - a scroll of noise {unknown}
Potions
 c - a potion of curing {@q1}
 e - 2 potions of heal wounds {unknown}
 k - a potion of ambrosia {unknown}

Dungeon Overview and Level Annotations

Branches:
Dungeon (4/15)
 Temple: D:4-7

Altars:

Portals:
Sewer: D:4

Annotations:
D:4 Edmund

▒^........▒▒▒(....▒
▒.........▒ ▒Z....▒
.▒ ▒▒.......▒▒
▒.....▒ ..
▒......▒▒▒▒▒.....▒
▒.▒▒
▒.▒▒▒▒▒▒.........▒
...▒▒▒▒▒.▒
▒Z.▒▒▒..<.....
......▒.▒ ▒.▒▒
▒▒▒▒▒▒▒▒▒
▒.▒▒....▒▒▒▒▒.▒
▒.▒▒.▒..▒▒.g@.▒
▒<...▒▒..▒.▒▒▒▒
▒▒..▒▒▒▒▒>...▒
▒............▒▒▒
▒.▒▒▒▒▒........▒▒
... ▒..o.▒▒▒▒....▒
.(▒▒▒▒..▒▒▒▒ ▒▒▒..▒
.▒ ... ▒▒▒▒ .▒


You could see Edmund (very poisoned) and an orc (wandering).


Message History

The searing ray hits the bullfrog skeleton.
The bullfrog skeleton is severely damaged.
The searing ray hits Edmund.
Edmund is lightly wounded.
The bullfrog skeleton closely misses you.
The searing ray hits the bullfrog skeleton.
The bullfrog skeleton is severely damaged.
The searing ray hits Edmund!
Edmund is moderately wounded.
You finish channelling your searing ray.
The bullfrog skeleton hits you.
You hit Edmund.
Edmund is poisoned.
Edmund is moderately wounded.
Edmund hits you with a +6 dire flail of protection!
Aiming: Searing Ray (safe; 1% risk of failure)
Aim: Edmund, wielding a +6 dire flail of protection and wearing a +0 scale mail (heavily wounded, very poisoned, 83% to hit)
The searing ray hits Edmund.
Edmund is heavily wounded. (Press . to maintain the ray.)
An orc comes into view. It is wielding a +0 flail.
Edmund hits you with a +6 dire flail of protection!
* * * LOW HITPOINT WARNING * * *
Unknown command.
The searing ray hits Edmund but does no damage.
Edmund is heavily wounded.
The searing ray hits the bullfrog skeleton!
You destroy the bullfrog skeleton!
Edmund hits you with a +6 dire flail of protection!
You die...

Action                   |  1- 3 |  4- 6 || total
-------------------------+-------+-------++-------
Melee: Dagger            |     2 |    13 ||    15
       Punch             |       |     1 ||     1
       Bite              |       |     1 ||     1
 Cast: Magic Dart        |    43 |    70 ||   113
       Searing Ray       |     1 |     5 ||     6
       Poisonous Vapours |       |     1 ||     1
  Use: Potion            |     1 |       ||     1
Armor: Robe              |     1 |     2 ||     3
       Leather armour    |       |     3 ||     3
Dodge: Dodged            |     8 |    19 ||    27

Levels and vault maps discovered:
D:1:      lightli_arrival_lavapool, layout_loops_ring,
          dreamdust_ecumenical_altar_angels_and_demons, kennysheep_nondescript
D:2:      kb_forest_paths, layout_rooms, serial_curves, eino_curves_04,
          eino_curves_01, minmay_misc_feat_encased, kennysheep_another_room
D:3:      layout_rooms, uniq_ijyb, uniq_crazy_yiuf_cottage
D:4:      layout_rooms, gup_sewer_entry_glass, serial_park_tiny_2,
          small_statue_intersection, kennysheep_dice, uniq_eustachio,
          uniq_edmund

Notes
Turn   | Place    | Note
-------+----------+-------------------------------------------
     0 | D:1      | sanka the Gnoll Conjurer began the quest for the Orb.
     0 | D:1      | Reached XP level 1. HP: 13/13 MP: 6/6
   240 | D:1      | Reached XP level 2. HP: 19/19 MP: 3/7
   872 | D:1      | Found a faded altar of an unknown god.
  1078 | D:1      | Learned a level 2 spell: Searing Ray
  1247 | D:2      | Noticed a scorpion
  1255 | D:2      | Killed a scorpion
  1256 | D:2      | Reached skill level 1 in Fighting
  1256 | D:2      | Reached skill level 1 in Short Blades
  1256 | D:2      | Reached skill level 1 in Long Blades
  1256 | D:2      | Reached skill level 1 in Axes
  1256 | D:2      | Reached skill level 1 in Maces & Flails
  1256 | D:2      | Reached skill level 1 in Polearms
  1256 | D:2      | Reached skill level 1 in Staves
  1256 | D:2      | Reached skill level 1 in Slings
  1256 | D:2      | Reached skill level 1 in Bows
  1256 | D:2      | Reached skill level 1 in Crossbows
  1256 | D:2      | Reached skill level 1 in Throwing
  1256 | D:2      | Reached skill level 1 in Armour
  1256 | D:2      | Reached skill level 1 in Shields
  1256 | D:2      | Reached skill level 1 in Unarmed Combat
  1256 | D:2      | Reached skill level 5 in Spellcasting
  1256 | D:2      | Reached skill level 1 in Invocations
  1256 | D:2      | Reached skill level 1 in Evocations
  1256 | D:2      | Reached XP level 3. HP: 12/26 MP: 1/9
  1256 | D:2      | Reached XP level 4. HP: 15/32 MP: 1/11
  1494 | D:2      | Reached skill level 1 in Hexes
  1494 | D:2      | Reached skill level 1 in Summonings
  1494 | D:2      | Reached skill level 1 in Necromancy
  1494 | D:2      | Reached skill level 1 in Translocations
  1494 | D:2      | Reached skill level 1 in Transmutations
  1494 | D:2      | Reached skill level 1 in Fire Magic
  1494 | D:2      | Reached skill level 1 in Ice Magic
  1494 | D:2      | Reached skill level 1 in Air Magic
  1494 | D:2      | Reached skill level 1 in Earth Magic
  1494 | D:2      | Reached skill level 1 in Poison Magic
  2324 | D:3      | Noticed Ijyb
  2362 | D:3      | Killed Ijyb
  2363 | D:3      | Reached XP level 5. HP: 6/37 MP: 3/12
  2878 | D:3      | Learned a level 2 spell: Poisonous Vapours
  3073 | D:3      | Found a runed translucent door.
  3074 | D:3      | Noticed Crazy Yiuf
  3317 | D:3      | Killed Crazy Yiuf
  3562 | D:4      | Found a glowing drain.
  3562 | D:4      | Noticed Edmund
  3590 | D:4      | Slain by Edmund

Vanquished Creatures
  A scorpion (D:2)
  A bullfrog skeleton (D:4)
  A jelly (D:4)
  Crazy Yiuf (D:3)
  Ijyb (D:3)
  2 adders
  2 worms (D:2)
  2 dart slugs
  An orc (D:3)
  8 endoplasms
  5 giant cockroaches
  4 goblins
  4 hobgoblins
  A jackal (D:2)
  4 kobolds
  4 quokkas
  2 ball pythons
  8 bats
  2 frilled lizards
  4 rats
58 creatures vanquished.
